 Dungeon Crawl Stone Soup version 0.20-b1 (webtiles) character file.

16 Gorglomux the Chopper (level 2, 0/27 HPs)
             Began as a Hill Orc Monk on May 19, 2017.
             Slain by a jackal (1 damage)
             ... on level 1 of the Dungeon.
             The game lasted 00:00:45 (190 turns).

Gorglomux the Chopper (Hill Orc Monk)                Turns: 190, Time: 00:00:46

Health: 0/27       AC:  2    Str: 13    XL:     2   Next: 54%
Magic:  2/2        EV: 13    Int: 10    God:
Gold:   16         SH:  0    Dex: 13    Spells: 1/1 levels left

rFire    . . .     SeeInvis .   a - +0 hand axe
rCold    . . .     Gourm    .   (no shield)
rNeg     . . .     Faith    .   b - +0 robe
rPois    .         Spirit   .   (no helmet)
rElec    .         Reflect  .   (no cloak)
rCorr    .         Harm     .   (no gloves)
MR       .....                  (no boots)
Stlth    ++........             (no amulet)
Regen    0.1/turn               (no ring)
MPRegen  0.1/turn               (no ring)

@: no status effects
A: no striking features
a: no special abilities


You were on level 1 of the Dungeon.
You were not hungry.

You visited 1 branch of the dungeon, and saw 1 of its levels.

You collected 16 gold pieces.

Inventory:

Hand Weapons
 a - a +0 hand axe (weapon)
Armour
 b - a +0 robe (worn)
Potions
 d - a potion of heal wounds {unknown}
Comestibles
 c - a bread ration {@e1}


   Skills:
 + Level 3.7 Fighting
 * Level 5.0 Axes
 - Level 2.4 Dodging
 - Level 1.5 Stealth


You had one spell level left.
You didn't know any spells.

Dungeon Overview and Level Annotations

Branches:
Dungeon (1/15)

Altars:


Message History

No target in view!
You now have 16 gold pieces.
A dart slug comes into view.
Unknown command.
A dart slug is nearby!
Unknown command.
A rat comes into view.
Unknown command.
There are monsters nearby!
Unknown command.
There are monsters nearby!
Unknown command. 2 jackals come into view.
The jackal barks!
You hit the dart slug but do no damage. The dart slug barely misses you.
A jackal comes into view.
Unknown command.
You hit the dart slug but do no damage.
A jackal comes into view.
Unknown command.
The jackal barks!
You hit the dart slug.
The dart slug barely misses you. 2 jackals come into view.
Unknown command.
Unknown command.
The jackal barks!
You hit the dart slug but do no damage. You hit the jackal but do no damage.
The jackal bites you. The dart slug closely misses you.
The jackal bites you but does no damage.
A frilled lizard comes into view.
Unknown command.
The frilled lizard hisses angrily.
You hit the dart slug. You hit the rat but do no damage. You hit the jackal.
The rat bites you. The jackal bites you. The jackal completely misses you.
The dart slug closely misses you.
A jackal comes into view.
Unknown command.
The jackal barks!
You slash the dart slug!
You kill the dart slug!
You hit the rat.
You kill the rat!
You hit the jackal. x2
You kill the jackal!
The jackal bites you. x2
Unknown command.
You hit the jackal but do no damage. You hit the jackal. x2
The jackal bites you. x3
The jackal bites you but does no damage.
Unknown command.
You are too injured to fight recklessly!
Unknown command.
You are too injured to fight recklessly!
Unknown command.
You closely miss the jackal. x2; You hit the jackal.
You kill the jackal!
The jackal bites you but does no damage. x3
You completely miss the jackal. You hit the jackal but do no damage.
You hit the jackal.
The jackal bites you but does no damage.
The jackal closely misses you. The jackal barely misses you.
The jackal closely misses you. The jackal barely misses you.
You hit the jackal but do no damage. You barely miss the jackal.
You closely miss the jackal. You barely miss the jackal. The jackal bites you.
The jackal misses you.
The jackal bites you but does no damage.
The jackal bites you. The jackal closely misses you. The jackal bites you.
You hit the jackal.
You kill the jackal!
You hit the jackal. You hit the jackal but do no damage. You hit the jackal.
You kill the jackal!
Your Axes skill increases to level 5!
The jackal misses you. The jackal closely misses you. The jackal bites you.
* * * LOW HITPOINT WARNING * * *
The jackal bites you.
* * * LOW HITPOINT WARNING * * *
Unknown command.
Unknown command.
The jackal bites you but does no damage.
The jackal bites you.
* * * LOW HITPOINT WARNING * * *
The jackal closely misses you. The jackal bites you.
* * * LOW HITPOINT WARNING * * *
The jackal barely misses you. The jackal barely misses you.
The jackal closely misses you. The jackal bites you.
* * * LOW HITPOINT WARNING * * *
The jackal misses you. The jackal closely misses you.
You open the door. The jackal barely misses you.
The jackal bites you but does no damage.
The jackal bites you but does no damage.
There is an open door here.
The jackal pauses to sniff the ground.
The jackal bites you.
* * * LOW HITPOINT WARNING * * *
You barely miss the jackal. The jackal bites you.
You die...

###..##...####........
...................>...
.>.........[#.#........
...[......................#.
...........................
#.#..##.....##....#........
.....##.....##.............
#....................###.#.
.##.#..##.....##@##.#.## .#
.##.#..##...†>##h##.#.##
.##.#..##.....##h##.#...
.##....#......#hl.......
.......#......#.........
..............#.........
......................#.
.........#.#.###.##.....
..##....................


You could see 3 jackals and a frilled lizard.

Vanquished Creatures
  A dart slug (D:1)
  2 bats (D:1)
  2 giant cockroaches (D:1)
  4 jackals (D:1)
  A kobold (D:1)
  A rat (D:1)
11 creatures vanquished.

Notes
Turn   | Place    | Note
-------+----------+-------------------------------------------
     0 | D:1      | Gorglomux the Hill Orc Monk began the quest for the Orb.
     0 | D:1      | Reached XP level 1. HP: 19/19 MP: 1/1
   133 | D:1      | Reached XP level 2. HP: 24/27 MP: 2/2
   166 | D:1      | Reached skill level 5 in Axes
   168 | D:1      | HP: 6/27 [jackal (1)]
   179 | D:1      | HP: 3/27 [jackal (1)]
   188 | D:1      | HP: 1/27 [jackal (3)]
   190 | D:1      | Slain by a jackal

Skill      XL: |  1  2 |
---------------+-------+-----
Axes           | 5 |  5.0
Fighting       | |  3.7
Dodging        | |  2.4
Stealth        | |  1.5

Action                   || total
-------------------------++-------
Melee: Hand axe          ||    25
Armor: Robe              ||    13
Dodge: Dodged            ||    38

Vault maps used:
D:1:      kilobyte_arrival_exit_the_forest

Table legend:
 A = Turns spent in this place as a percentage of turns spent in the entire game.
 B = Non-inter-level travel turns spent in this place as a percentage of non-inter-level travel turns spent in the entire game.
 C = Inter-level travel turns spent in this place as a percentage of turns spent in this place.
 D = Turns resting spent in this place as a percentage of non-inter-level travel turns spent in this place.
 E = Turns spent auto-exploring this place as a percentage of non-inter-level travel turns spent in this place.
 F = Non-inter-level travel turns spent in this place divided by the number of levels of this place that you've seen.
                   A       B       C       D       E      F
               +-------+-------+-------+-------+-------+----------------------
         Total | 100.0 | 100.0 |   0.0 |   0.0 |   5.7 | 141.0
       Dungeon | 100.0 | 100.0 |   0.0 |   0.0 |   5.7 | 141.0
               +-------+-------+-------+-------+-------+----------------------

Table legend:
 A = Kills in this place as a percentage of kills in entire the game.
 B = Kills by you in this place as a percentage of kills by you in the entire game.
 C = Kills by friends in this place as a percentage of kills by friends in the entire game.
 D = Other kills in this place as a percentage of other kills in the entire game.
 E = Experience gained in this place as a percentage of experience gained in the entire game.
 F = Experience gained in this place divided by the number of levels of this place that you have seen.
                   A       B       C       D       E      F
               +-------+-------+-------+-------+-------+----------------------
         Total | 100.0 | 100.0 |  -nan |  -nan | 100.0 |  23.0
       Dungeon | 100.0 | 100.0 |  -nan |  -nan | 100.0 |  23.0
               +-------+-------+-------+-------+-------+----------------------
